Map: [ESL] Cosmic Sapphire

Players

ShoWTimE

  • Race: Protoss Protoss
  • Spawn Location: 11:00

SKillous - Winner!

  • Race: Protoss Protoss
  • Spawn Location: 5:00

Event: DreamHack SC2 Masters 2022 Atlanta (Online)

VOD

Have the link to the VOD?

Description

Time

  • Played on: Oct. 15, 2022, 10:29 a.m.
  • Length: 16:23

All games in this series

Show
View Real Time Build Order
Export as new Build Order

ShoWTimE Protoss 

Build Orders: Phoenix Opening 

Get SALT Encoding   

  12  0:00  Probe  
  13  0:12  Probe  
  14  0:17  Pylon  
  14  0:24  Probe (Chrono Boost)  
  15  0:36  Gateway, Probe (Chrono Boost)  
  16  0:44  Probe (Chrono Boost)  
  16  0:45  Assimilator  
  17  0:51  Probe  
  18  1:03  Probe (Chrono Boost)  
  19  1:04  Assimilator  
  19  1:09  Gateway  
  19  1:14  Probe (Chrono Boost)  
  20  1:18  Probe (Chrono Boost)  
  20  1:23  Cybernetics Core  
  21  1:29  Probe  
  22  1:33  Pylon  
  22  1:41  Probe  
  23  1:53  Probe  
  24  1:59  Adept  
  24  2:00  Adept, Warp Gate  
  28  2:05  Probe  
  29  2:09  Pylon  
  29  2:16  Stargate  
  29  2:19  Probe  
  30  2:29  Adept  
  32  2:33  Adept  
  34  2:38  Probe  
  34  2:44  Pylon  
  35  2:48  Shield Battery  
  35  2:51  Probe  
  36  3:00  Phoenix (Chrono Boost)  
  38  3:08  Stalker  
  40  3:14  Shield Battery  
  40  3:19  Phoenix  
  40  3:23  Pylon  
  40  3:29  Stalker  
  42  3:40  Gateway  
  42  3:48  Stalker  
  42  3:53  Phoenix (Chrono Boost)  
  44  3:59  Pylon  
  44  4:08  Stalker  
  46  4:15  Phoenix  
  46  4:35  Stalker x2  
  46  4:37  Probe  
  47  4:43  Stalker  
  49  4:50  Probe  
  50  5:10  Stalker x2  
  50  5:13  Probe  
  47  5:22  Stalker  
  49  5:31  Robotics Facility  
  49  5:32  Pylon  
  49  5:40  Pylon  
  49  5:51  Zealot  
  49  5:55  Adept x2  
  55  6:00  Pylon  
  54  6:14  Gateway  
  54  6:15  Immortal (Chrono Boost)  
  58  6:19  Phoenix  
  58  6:21  Zealot  
  62  6:39  Adept x2  
  66  6:43  Shield Battery  
  64  6:48  Observer  
  64  6:50  Observer (Chrono Boost)  
  63  7:03  Warp Prism (Chrono Boost)  
  63  7:05  Adept x2  
  69  7:30  Stalker x2  
  71  7:46  Immortal (Chrono Boost)  
  72  8:04  Adept  
  68  8:13  Sentry  
  70  8:26  Immortal (Chrono Boost)  
  74  8:37  Sentry  
  76  8:49  Pylon  
  74  9:09  Adept x2  
  78  9:14  Observer  
  76  9:53  Twilight Council  
  76  10:15  Nexus  
  76  10:19  Pylon  
  76  10:23  Blink (Chrono Boost)  
  74  10:46  Dark Shrine  
  74  11:09  Observer  
  73  11:16  Nexus  
  73  11:32  Observer  
  72  12:01  Dark Templar x2  
  76  12:04  Probe  
  77  12:16  Probe  
  77  12:20  Robotics Bay, Pylon  
  78  12:29  Phoenix  
  76  12:34  Probe  
  71  12:38  Stalker x2  
  71  12:40  Probe  
  76  12:46  Probe  
  77  12:52  Probe  
  78  12:58  Probe  
  78  13:04  Disruptor (Chrono Boost), Probe  
  80  13:09  Shield Battery  
  80  13:11  Probe  
  84  13:30  Disruptor (Chrono Boost)  
  84  13:33  Pylon  
  87  13:37  Observer  
  87  13:39  Stalker x2  
  91  13:59  Disruptor  
  94  14:04  Stalker x2  
  94  14:07  Pylon  
  94  14:30  Observer  
  94  14:31  Nexus  
  94  14:34  Disruptor  
  97  14:40  Pylon  
  97  14:49  Stalker  
  97  14:50  Pylon  
  99  15:01  Probe x2  
  98  15:08  Stalker  
  99  15:15  Disruptor (Chrono Boost)  
  102  15:23  Assimilator  
  102  15:39  Pylon  
  102  15:40  Nexus  
  101  15:47  Stalker x2  
Show
View Real Time Build Order
Export as new Build Order

SKillous Protoss - Winner!

Build Orders:  

Get SALT Encoding   

  12  0:00  Probe  
  13  0:12  Probe  
  14  0:17  Pylon  
  14  0:24  Probe  
  15  0:35  Gateway  
  15  0:36  Probe (Chrono Boost)  
  16  0:46  Probe (Chrono Boost), Assimilator  
  17  0:51  Probe (Chrono Boost)  
  17  0:54  Assimilator  
  18  1:03  Probe (Chrono Boost)  
  19  1:07  Gateway  
  20  1:12  Probe (Chrono Boost)  
  20  1:17  Probe (Chrono Boost)  
  20  1:23  Cybernetics Core  
  21  1:29  Probe  
  22  1:34  Pylon  
  22  1:41  Probe  
  24  1:59  Robotics Facility  
  24  2:00  Stalker  
  26  2:01  Warp Gate  
  25  2:10  Stalker  
  27  2:17  Pylon  
  27  2:30  Stalker  
  29  2:40  Stalker  
  30  2:48  Immortal (Chrono Boost)  
  34  3:02  Pylon  
  34  3:04  Shield Battery  
  34  3:13  Gateway  
  34  3:25  Warp Prism (Chrono Boost)  
  34  3:32  Probe  
  37  3:52  Stalker x2  
  37  3:55  Observer  
  42  3:58  Pylon  
  42  4:17  Stalker x2  
  42  4:31  Warp Prism (Chrono Boost)  
  38  4:41  Sentry, Stalker  
  38  4:42  Sentry  
  44  4:57  Pylon  
  40  5:14  Stalker x3  
  44  5:27  Immortal (Chrono Boost)  
  48  5:38  Sentry  
  48  5:41  Stalker  
  52  5:46  Pylon  
  52  5:55  Stalker  
  54  6:09  Immortal (Chrono Boost)  
  58  6:19  Zealot  
  60  6:36  Pylon  
  58  6:42  Stalker  
  60  6:59  Stalker x2  
  64  7:03  Twilight Council  
  64  7:05  Pylon  
  64  7:13  Observer  
  64  7:15  Stalker  
  66  7:26  Pylon  
  66  7:37  Adept x2  
  66  7:40  Blink (Chrono Boost)  
  65  8:10  Stalker x2  
  65  8:12  Stalker  
  67  8:23  Pylon  
  67  8:34  Stalker x2  
  67  8:37  Pylon  
  71  8:47  Stalker  
  72  9:04  Stalker  
  73  9:19  Sentry  
  72  10:02  Nexus, Probe  
  72  10:04  Sentry  
  75  10:14  Probe  
  76  10:26  Probe  
  77  10:36  Stalker  
  77  10:38  Probe  
  77  10:40  Pylon  
  80  10:50  Probe  
  81  11:02  Probe  
  82  11:06  Shield Battery, Observer (Chrono Boost)  
  83  11:14  Probe  
  83  11:15  Probe  
  83  11:16  Sentry  
  87  11:30  Stalker x2  
  91  11:33  Observer  
  91  11:38  Probe x2  
  94  11:50  Probe  
  94  11:51  Stalker  
  94  11:53  Probe  
  98  11:55  Assimilator  
  98  12:05  Robotics Bay  
  100  12:08  Robotics Facility  
  98  12:16  Pylon  
  98  12:18  Adept x2  
  102  12:23  Shield Battery  
  102  12:33  Observer  
  98  12:37  Adept  
  98  12:38  Observer, Probe  
  98  12:39  Probe  
  98  12:40  Stalker  
  102  12:48  Observer  
  102  12:50  Probe  
  102  12:51  Probe  
  102  12:52  Disruptor (Chrono Boost)  
  106  13:06  Probe  
  106  13:07  Stalker  
  108  13:18  Warp Prism (Chrono Boost)  
  106  13:22  Probe  
  106  13:25  Probe  
  108  13:28  Assimilator  
  108  13:34  Probe, Pylon  
  108  13:40  Probe  
  110  13:45  Pylon  
  110  13:54  Stalker x2  
  110  13:55  Stalker  
  116  14:06  Disruptor  
  119  14:13  Probe  
  118  14:27  Observer  
  118  14:29  Nexus  
  116  14:35  Stalker  
  113  14:41  Disruptor  
  113  14:42  Probe  
  117  14:48  Probe  
  117  15:16  Probe  
  117  15:18  Observer (Chrono Boost)  
  117  15:20  Probe  
  119  15:21  Stalker  
  121  15:28  Probe  
  121  15:32  Probe  
  121  15:35  Stalker  
  125  15:42  Probe  
  125  15:48  Stalker  
  126  15:55  Probe x3  
Tags
 
Add a new tag
Caveats
  • Supply blocks, unpowered buildings, or Contaminate may cause inaccurate times.
  • Supply counts are checked every 10 seconds.